 Dungeon Crawl Stone Soup version 0.31-a0-536-ga3e2962e35 (webtiles) character file.

Game seed: 17448108074434045004

53 Ethylacetat the Ducker (level 3, -7/25 HPs)
             Began as an Octopode Gladiator on Aug 13, 2023.
             Mangled by Natasha (8 damage)
             ... on level 2 of the Dungeon.
             The game lasted 00:00:49 (993 turns).

Ethylacetat the Ducker (Octopode Gladiator)          Turns: 993, Time: 00:00:50

Health: -7/25      AC:  1    Str: 13    XL:     3   Next: 89%
Magic:  3/3        EV: 14    Int: 10    God:
Gold:   56         SH:  0    Dex: 15    Spells: 2/2 levels left

rFire   . . .        a - +0 long sword
rCold   . . .        (no shield)
rNeg    . . .        b - +0 hat
rPois   .            (no amulet)
rElec   .            (no ring)
rCorr   .            (no ring)
SInv    .            (no ring)
Will    .....        (no ring)
Stlth   +++          (no ring)
HPRegen 0.24/turn    (no ring)
MPRegen 0.08/turn    (no ring)
                     (no ring)

%: no passive effects
@: slowed, very slow
A: almost no armour, amphibious, 8 rings, camouflage 1, gelatinous body 1,
(nimble swimmer 1), tentacles
a: no special abilities


You were on level 2 of the Dungeon.
You visited 1 branch of the dungeon, and saw 2 of its levels.

You collected 56 gold pieces.

Inventory:

Hand Weapons
 a - a +0 long sword (weapon)
Missiles
 c - 3 throwing nets (quivered)
 d - a javelin
Armour
 b - a +0 hat (worn)
Jewellery
 j - an amulet of faith
Scrolls
 g - a scroll of enchant weapon {unknown}
 h - 2 scrolls of blinking {unknown}
 i - a scroll of identify {unknown}
 k - a scroll of teleportation {unknown}
 l - a scroll of poison {unknown}
Potions
 e - a potion of curing {unknown}
 f - 2 potions of ambrosia {unknown}


   Skills:
 + Level 2.8 Fighting
 - Level 3.0 Long Blades
 - Level 2.0 Throwing
 + Level 3.6 Dodging
 + Level 2.6 Stealth


You had 2 spell levels left.
You didn't know any spells.
Your spell library was empty.

Dungeon Overview and Level Annotations

Branches:
Dungeon (2/15)

Altars:

Annotations:
D:2 Natasha


Innate Abilities, Weirdness & Mutations

You cannot wear most types of armour.
You are amphibious.
You can wear up to eight rings at the same time.
Your skin changes colour to match your surroundings (Stealth+).
Your rubbery body absorbs attacks. (AC +1, EV +1)
((You are camouflaged when in or above water. (Stealth+)))
You have tentacles for arms and can constrict up to eight enemies at once.


Message History

Things that are here:
a +0 dagger; a stone; a kobold corpse
l - a scroll labelled GINAZXIEDA No target in view!
You open the door.
There is an open door here.
Found a dagger.
No target in view!
Key pressed, stopping explore.
No target in view!
No target in view!
You see here a +0 dagger.
You open the door.
Natasha, Servant of Life and Death comes into view.
Natasha hisses angrily.
Natasha casts a spell at you.
You feel yourself slow down.
There is an open door here.
Natasha is nearby!
Natasha closely misses you.
Natasha is nearby!
You hit Natasha but do no damage. You grab Natasha. You constrict Natasha.
Natasha claws you. Natasha misses you.
Natasha is nearby!
You hit Natasha.
Natasha is moderately wounded.
You constrict Natasha, but do no damage.
Natasha claws you. Natasha casts a spell at you. The magic dart hits you!
* * * LOW HITPOINT WARNING * * *
You hit Natasha but do no damage.
Natasha is moderately wounded.
You constrict Natasha. Natasha claws you.
* * * LOW HITPOINT WARNING * * *
Natasha misses you.
You barely miss Natasha.
Natasha is heavily wounded.
You constrict Natasha. Natasha claws you but does no damage. Natasha claws you!
You die...

### #.# #.#
#.###########
#)..........#
###.#########'##
#...# #.......#
#####'####
#.......#
#....@...#
#.......#
#....h...#
#.......###
+........+
+..........
#........#
#........##
#........#
######+#<##
#........#
#.....
#........#
###.##
#........# #.#
#[#


You could see Natasha.

Vanquished Creatures
  Jessica (D:2)
  A dart slug (D:1)
  2 endoplasms (D:2)
  3 hobgoblins
  2 quokkas
  4 ball pythons
  4 bats
  2 goblins (D:1)
  5 kobolds
  2 rats
26 creatures vanquished.

Notes
Turn   | Place    | Note
-------+----------+-------------------------------------------
     0 | D:1      | Ethylacetat the Octopode Gladiator began the quest for the
                  | Orb.
     0 | D:1      | Reached XP level 1. HP: 14/14 MP: 1/1
   182 | D:1      | Reached skill level 1 in Stealth
   196 | D:1      | Reached XP level 2. HP: 15/19 MP: 2/2
   697 | D:2      | Noticed Jessica
   703 | D:2      | Killed Jessica
   704 | D:2      | Reached XP level 3. HP: 13/25 MP: 3/3
   987 | D:2      | Noticed Natasha
   992 | D:2      | HP: 1/25 [Natasha (6)]
   993 | D:2      | Mangled by Natasha

Illustrated notes

Levels and vault maps discovered:
D:1:      dpeg_arrival_simpleton_b, layout_loops_ring
D:2:      layout_basic, uniq_jessica, uniq_natasha

Skill      XL: |  1  2 |
---------------+-------+-----
Stealth        | 1 2 |  2.6
Fighting       | |  2.8
Long Blades    | |  3.0
Throwing       | |  2.0
Dodging        | |  3.6

Action                     || total
---------------------------++-------
  Melee: Long sword        ||    46
         Constrict         ||    11
         Tentacles         ||     7
   Stab: Sleeping          ||     9
 Armour: Skin              ||     5
  Dodge: Dodged            ||    32

Table legend: (Time is in decaauts)
 A = Elapsed time spent in this place.
 B = Non-inter-level travel time spent in this place.
 C = Inter-level travel time spent in this place.
 D = Time resting spent in this place.
 E = Time spent auto-exploring this place.
 F = Levels seen in this place.
 G = Mean time per level.
                   A        B        C        D        E       F      G
               +--------+--------+--------+--------+--------+-----+--------+
         Total |   1006 |    990 |     16 |      0 |    819 |   2 |  503.0 |
       Dungeon |   1006 |    990 |     16 |      0 |    819 |   2 |  503.0 |
               +--------+--------+--------+--------+--------+-----+--------+

Top non-repeatable levels by time:
     D:1: 596 daAuts
     D:2: 410 daAuts
